 Dungeon Crawl Stone Soup version 0.26-a0-1126-g3318b609a0 (webtiles) character file.

Game seed: 14123610153362434652

957 Dracia the Covered (level 7, 0/52 HPs)
             Began as a Demonspawn Fighter on Dec 17, 2020.
             Slain by an orc warrior
             ... wielding a +0 war axe
              (16 damage)
             ... on level 5 of the Dungeon.
             The game lasted 00:09:42 (7109 turns).

Dracia the Covered (Demonspawn Fighter)             Turns: 7109, Time: 00:09:43

Health: 0/52       AC: 12    Str: 18    XL:     7   Next: 91%
Magic:  7/7        EV:  9    Int:  9    God:
Gold:   159        SH: 11    Dex: 16    Spells: 6/6 levels left

rFire    + . .     SeeInvis +   x - +1 dagger (vamp)
rCold    . . .     Faith    .   c - +1 kite shield
rNeg     . . .     Spirit   .   v - +1 leather armour of Generosity {rElec Dex+3 SInv}
rPois    .         Reflect  .   (no helmet)
rElec    +         Harm     .   u - +0 cloak
rCorr    +         Rampage  .   (no gloves)
Will     .....                  (no boots)
Stlth    +.........             (no amulet)
HPRegen  0.17/turn              R - ring of resist corrosion
MPRegen  0.10/turn              F - ring of protection from fire

@: mighty, sanguine armour
A: powered by death 1, powered by pain 2, sanguine armour 1
a: no special abilities


You were on level 5 of the Dungeon.
You visited 1 branch of the dungeon, and saw 6 of its levels.

You collected 341 gold pieces.
You spent 182 gold pieces at shops.


Innate Abilities, Weirdness & Mutations

You regenerate a little health from kills.
You sometimes gain power by taking damage.
When seriously injured, your bleeding wounds create armour. (AC +6)


   Skills:
 - Level 3.0 Fighting
 - Level 1.7 Short Blades
 + Level 6.5 Armour
 + Level 6.4 Shields


You had 6 spell levels left.
You didn't know any spells.
Your spell library was empty.

Inventory:

Hand Weapons
 a - a +1 rapier
 x - a +1 vampiric dagger (weapon)
Missiles
 l - 6 poisoned darts (quivered)
 m - a throwing net {=f=f}
Armour
 b - a +0 scale mail
 c - a +1 kite shield (worn)
 u - a +0 cloak (worn)
 v - the +1 leather armour of Generosity (worn) {rElec Dex+3 SInv}
   (You bought it in a shop on level 5 of the Dungeon)

   It affects your dexterity (+3).
   It insulates you from electricity.
   It lets you see invisible.
Jewellery
 F - a ring of protection from fire (right hand)
 R - a ring of resist corrosion (left hand)
Wands
 g - a wand of polymorph (7)
 r - a wand of iceblast (6)
Scrolls
 e - 3 scrolls of remove curse {@r2@r2}
 f - 2 scrolls of teleportation {@r4@r4}
 i - 3 scrolls of identify {@r1@r1}
 o - a scroll of magic mapping
 p - a scroll of amnesia
 q - a scroll of random uselessness
 s - a scroll of blinking
 t - 2 scrolls of fear
Potions
 d - 6 potions of curing {@q1@q1}
 h - a potion of cancellation
 j - a potion of heal wounds {unknown}
 k - 2 potions of attraction {unknown}
 n - a potion of haste {@q3@q3}
 w - 2 potions of mutation {unknown}

Dungeon Overview and Level Annotations

Branches:
Dungeon (6/15)             Temple (0/1) D:4

Altars:
Okawaru
Xom

Shops:
D:5 ?*[:*

Annotations:
D:3 1 runed translucent door, night's ghost, amateur DsVM
D:4 1 runed translucent door, arkorax's ghost, weakling DsAK

.##....##........#####...........
.##.#.###.#.............(........
....#.....#.#....................
###########.#..#.......#####)....
............##.#.#####.#.(....###
##############.........#(####...#
### ######...#######...#..#.# ..#
#......o.....# ###.#....# #.#
#.......@....# #.##'###
#.#######............# #.......
.....................# ###.....
#....................# #.....
#..(.................### #.....
#########......8.∩.<.8.# #.....
#............#.# #..... ###
#####..............# #..... ..#
#≈≈≈≈≈...........### #.....


You could see an orc warrior.


Message History

There is a stone staircase leading up here.
The orc shouts!
The teleport trap disappears.
The orc disappears!
The orc warrior hits you with a +0 war axe!!
Your blood congeals into armour.
You climb upwards.
There is a stone staircase leading down here.
Unknown command.
You hit the orc warrior but do no damage.
You hit the orc warrior.
The orc warrior is lightly wounded.
The orc warrior hits you with a +0 war axe.
You hit the orc warrior but do no damage.
The orc warrior is lightly wounded.
You block the orc warrior's attack.
You hit the orc warrior.
The orc warrior is moderately wounded.
You block the orc warrior's attack.
You hit the orc warrior but do no damage.
The orc warrior is moderately wounded.
The orc warrior hits you with a +0 war axe!
* * * LOW HITPOINT WARNING * * *
You focus on the pain.
You feel very mighty all of a sudden.
You closely miss the orc warrior.
The orc warrior is moderately wounded.
You puncture the orc warrior!
The orc warrior is heavily wounded.
The orc warrior hits you with a +0 war axe!
You die...

Skill      XL: |  1  2  3  4  5  6  7 |
---------------+----------------------+-----
Armour         | 3 4 5 6 |  6.5
Shields        | 3 4 5 6 |  6.4
Fighting       | |  3.0
Short Blades   | |  1.7

Action                   |  1- 3 |  4- 6 |  7- 9 || total
-------------------------+-------+-------+-------++-------
Melee: Rapier            |   148 |   279 |   124 ||   551
       Dagger            |       |       |    50 ||    50
Evoke: Wand              |       |     2 |       ||     2
  Use: Potion            |       |     8 |       ||     8
       Scroll            |       |     9 |     1 ||    10
Armor: Scale mail        |    68 |   109 |    13 ||   190
       Leather armour    |       |       |    30 ||    30
Dodge: Dodged            |    35 |    71 |    44 ||   150
Block: Kite shield       |    48 |   133 |    89 ||   270

Levels and vault maps discovered:
D:1:      minmay_arrival_pointy, layout_loops_ring
D:2:      layout_basic, grunt_decor_junction, xom_teletrap_fun
D:3:      wad_river_or_something, layout_basic, ebering_ghost_reflecting_pool,
          chequers_ecumenical_altar_simple_redux, grunt_decor_one_mirror,
          uniq_terence
D:4:      layout_layer_cave, minmay_temple_entry_overgrown,
          ebering_ghost_inner_flame, serial_bayou_lagoon_a,
          minmay_misc_feat_columns, kennysheep_generic_room_9
D:5:      layout_basic, serial_shops, shop_statue, shop, kennysheep_mini_moat,
          shop, shop, okawaru_trees_2
D:6:      layout_cave_pools, serial_shops, shop, nicolae_zen_rock_garden,
          uniq_crazy_yiuf_cottage

Notes
Turn   | Place    | Note
-------+----------+-------------------------------------------
     0 | D:1      | Dracia the Demonspawn Fighter began the quest for the Orb.
     0 | D:1      | Reached XP level 1. HP: 18/18 MP: 1/1
   310 | D:1      | Reached skill level 3 in Armour
   310 | D:1      | Reached skill level 3 in Shields
   310 | D:1      | Gained mutation: You sometimes gain a little power by
                  | taking damage. [demonic ancestry]
   310 | D:1      | Reached XP level 2. HP: 24/24 MP: 2/2
   734 | D:1      | Gained mutation: You sometimes gain power by taking damage.
                  | [demonic ancestry]
   734 | D:1      | Reached XP level 3. HP: 25/29 MP: 3/3
  1427 | D:2      | Found a shimmering altar of Xom.
  1732 | D:2      | Reached XP level 4. HP: 35/35 MP: 4/4
  2394 | D:3      | Found a runed translucent door.
  2394 | D:3      | Noticed night's ghost (amateur DsVM)
  2491 | D:3      | Reached skill level 4 in Armour
  2491 | D:3      | Reached skill level 4 in Shields
  2725 | D:3      | Found a faded altar of an unknown god.
  2889 | D:3      | Gained mutation: When seriously injured, your bleeding
                  | wounds create armour. (AC +6) [demonic ancestry]
  2889 | D:3      | Reached XP level 5. HP: 34/41 MP: 5/5
  3316 | D:3      | Noticed Terence
  3335 | D:3      | Killed Terence
  3694 | D:4      | Noticed an ogre
  3711 | D:4      | Killed an ogre
  3712 | D:4      | Reached XP level 6. HP: 21/47 MP: 6/6
  3919 | D:4      | Reached skill level 5 in Armour
  3919 | D:4      | Reached skill level 5 in Shields
  4554 | D:4      | Found a staircase to the Ecumenical Temple.
  4724 | D:4      | Found a runed translucent door.
  4724 | D:4      | Noticed arkorax's ghost (weakling DsAK)
  4724 | D:4      | Noticed a two-headed ogre
  5487 | D:5      | Entered Level 5 of the Dungeon
  5487 | D:5      | Found Xeupen's Book Shop.
  5601 | D:5      | Found an iron altar of Okawaru.
  5679 | D:5      | Gained mutation: You regenerate a little health from kills.
                  | [demonic ancestry]
  5679 | D:5      | Reached XP level 7. HP: 48/52 MP: 7/7
  5731 | D:5      | Found Issuah's Assorted Antiques.
  6123 | D:5      | Found Lyunt's Antique Armour Boutique.
  6132 | D:5      | Bought a scorched leather armour for 182 gold pieces
  6132 | D:5      | Identified the +1 leather armour of Generosity {rElec Dex+3
                  | SInv} (You bought it in a shop on level 5 of the Dungeon)
  6169 | D:5      | Found Sunohe's Magic Scroll Emporium.
  6189 | D:5      | Found Peromn's General Store.
  6209 | D:5      | Reached skill level 6 in Armour
  6346 | D:5      | Reached skill level 6 in Shields
  7109 | D:5      | Slain by an orc warrior

Vanquished Creatures
  An ogre (D:4)
  2 centaurs (D:5)
  A big kobold (D:5)
  3 scorpions
  A water moccasin skeleton (D:5)
  A howler monkey (D:6)
  A hound (D:6)
  2 orc wizards
  A bullfrog skeleton (D:5)
  Terence (D:3)
  An iguana (D:5)
  5 adders
  3 gnolls (D:4)
  4 shadow imps
  A white imp (D:5)
  An ufetubus (D:5)
  2 oozes
  An adder zombie (D:5)
  An adder skeleton (D:5)
  2 worms
  2 dart slugs (D:1)
  3 leopard geckos
  12 orcs
  3 giant cockroaches
  15 goblins
  4 hobgoblins
  2 jackals (D:1)
  3 quokkas
  A ball python (D:2)
  6 bats
  5 frilled lizards
  14 kobolds
  A leopard gecko skeleton (D:4)
  A quokka skeleton (D:5)
  8 rats
115 creatures vanquished.

Table legend: (Time is in decaauts)
 A = Elapsed time spent in this place.
 B = Non-inter-level travel time spent in this place.
 C = Inter-level travel time spent in this place.
 D = Time resting spent in this place.
 E = Time spent auto-exploring this place.
 F = Levels seen in this place.
 G = Mean time per level.
                   A        B        C        D        E       F      G
               +--------+--------+--------+--------+--------+-----+--------+
         Total |   7200 |   7001 |    199 |   1465 |   4401 |   6 | 1200.0 |
       Dungeon |   7200 |   7001 |    199 |   1465 |   4401 |   6 | 1200.0 |
               +--------+--------+--------+--------+--------+-----+--------+

Top non-repeatable levels by time:
     D:4: 1836 daAuts
     D:3: 1417 daAuts
     D:5: 1287 daAuts
     D:1: 1254 daAuts
     D:2: 1039 daAuts
     D:6: 364 daAuts

Table legend:
 A = Non-vault XP
 B = Vault XP
 C = Vault XP percentage of total XP
 D = Non-vault monster count
 E = Vault monster count
 F = Vault count percentage of total count
                 A         B        C        D         E       F
            +---------+---------+-------+---------+---------+-------
      Total |    1246 |     122 |   8.9 |     105 |      10 |   8.7
            +---------+---------+-------+---------+---------+-------
        D:1 |      56 |       0 |   0.0 |      30 |       0 |   0.0
        D:2 |      61 |       0 |   0.0 |      15 |       0 |   0.0
        D:3 |      90 |     122 |  57.5 |      17 |      10 |  37.0
        D:4 |     260 |       0 |   0.0 |      11 |       0 |   0.0
        D:5 |     606 |       0 |   0.0 |      23 |       0 |   0.0
        D:6 |     173 |       0 |   0.0 |       9 |       0 |   0.0
            +---------+---------+-------+---------+---------+-------
